 Dungeon Crawl Stone Soup version 0.31.0-1-g2c135a008e (webtiles) character file.

Game seed: 9256169393615314239

271 qw the Trooper (level 6, -9/49 HPs)
             Began as a Djinni Hunter on Jan 23, 2024.
             Mangled by an iguana (11 damage)
             ... on level 4 of the Dungeon.
             The game lasted 00:00:09 (3000 turns).

qw the Trooper (Djinni Hunter)                      Turns: 3000, Time: 00:00:10

Health: -9/49      AC:  8    Str: 16      XL:     6   Next: 47%
Gold:   117        EV: 12    Int: 11      God:
                   SH:  0    Dex: 19 (20)

rFire   + + .        a - +0 shortbow
rCold   x . .        (shield currently unavailable)
rNeg    . . .        h - +0 ring mail
rPois   inf          (no helmet)
rElec   .            f - +1 cloak
rCorr   .            m - +0 pair of gloves
SInv    .            (boots unavailable)
Will    .....        (no amulet)
Stlth   ++           g - +6 ring of strength
HPRegen 0.28/turn    (no ring)
MPRegen 0.00/turn

%: infuse magic (-10 HP)
@: about to teleport, flying
A: sickness immunity, fire resistance 2, cold vulnerability 1, float, innate
caster, HP casting, extra vitality 1, thin skeletal structure 1
a: no special abilities


You were on level 4 of the Dungeon.
You visited 1 branch of the dungeon, and saw 4 of its levels.

You collected 117 gold pieces.


Innate Abilities, Weirdness & Mutations

You are immune to sickness and miasma.
You are immune to poison.
Your flesh is very heat resistant. (rF++)
You are vulnerable to cold. (rC-)
You float through the air rather than walking.
You learn spells naturally, not from books.
Your magical power is your life essence.
You have superior vitality. (+4 MHP)
You have a somewhat thin skeletal structure. (Dex +2, Stealth+)


   Skills:
 - Level 5.3 Fighting
 - Level 4.0 Ranged Weapons
 + Level 0.0 Armour
 - Level 3.1 Dodging
 - Level 0.7 Stealth


You knew the following spells:

 Your Spells              Type           Power      Damage    Failure   Level
a - Magic Dart            Conj           0%         1d3       56%         1
b - Lesser Beckoning      Tloc           0%         N/A       71%         2
Your spell library was empty.

Inventory:

Hand Weapons
 a - a +0 shortbow (weapon)
Armour
 f - a +1 cloak (worn)
 h - a +0 ring mail (worn)
 m - a +0 pair of gloves (worn)
Jewellery
 g - a +6 ring of strength (left hand)
Wands
 k - a wand of flame (6)
Scrolls
 b - a scroll of teleportation
Potions
 d - a potion of berserk rage {unknown}
 e - a potion of might {unknown}
 i - 2 potions of curing
 j - 2 potions of cancellation
 l - a potion of heal wounds {unknown}
 q - a potion of enlightenment {unknown}

Dungeon Overview and Level Annotations

Branches:
Dungeon (4/15)
 Temple: D:4-7

Altars:

Annotations:
D:1 1 runed translucent door
D:3 1 runed translucent door, Crazy Yiuf


Message History

The iguana is moderately wounded.
You shoot an arrow. The arrow barely misses the iguana.
You shoot an arrow. The arrow barely misses the iguana.
The iguana bites you!
You shoot an arrow. The arrow closely misses the iguana.
The iguana bites you.
You shoot an arrow. The arrow barely misses the iguana.
The iguana misses you. The iguana closely misses you.
You shoot an arrow.
The arrow hits the iguana but does no damage.
The iguana is moderately wounded.
The iguana bites you!
You shoot an arrow. The arrow hits the iguana.
The iguana is heavily wounded.
The iguana bites you.
You shoot an arrow. The arrow barely misses the iguana.
The iguana completely misses you.
The iguana bites you but does no damage.
You shoot an arrow.
The arrow hits the iguana but does no damage.
The iguana is heavily wounded.
The iguana barely misses you.
You shoot an arrow. The arrow hits the iguana.
The iguana is severely wounded.
The iguana bites you!
You shoot an arrow. The arrow completely misses the iguana.
The iguana bites you but does no damage.
You shoot an arrow.
The arrow hits the iguana but does no damage.
The iguana is severely wounded.
The iguana barely misses you. The iguana bites you!
You shoot an arrow. The arrow closely misses the iguana.
The iguana closely misses you.
You shoot an arrow. The arrow barely misses the iguana.
The iguana bites you!
3000 ||| READING 2 scrolls of teleportation.
As you read the scroll of teleportation, it crumbles to dust.
You feel strangely unstable. The iguana bites you!
You die...

#.######.##
....
#.#.#.....<.#
.....
#.#.#.####.##
~7... #.#.#
#.#
~~7...#.#.#
#.#
~~~7..#.#.#
#.#
P~~~~.#.#.#
..#
........#.#
###
~~~~~.l@#.##
~~~~~##.#..#
~~~ #.##.# ~
#.##.# #....#
#.#### ###


You could see an iguana.

Vanquished Creatures
  Grinder (D:3)
  An adder (D:3)
  A ribbon worm (D:2)
  A dart slug (D:3)
  An orc (D:3)
  6 bats (D:1)
  8 endoplasms
  2 giant cockroaches
  2 goblins
  4 hobgoblins
  9 jackals
  6 quokkas
  4 ball pythons
  3 frilled lizards (D:1)
  5 kobolds
  5 rats
59 creatures vanquished.

Notes
Turn   | Place    | Note
-------+----------+-------------------------------------------
     0 | D:1      | qw the Djinni Hunter began the quest for the Orb.
     0 | D:1      | Reached XP level 1. HP: 18/18 MP: 0/0
     0 | D:1      | 0 ||| qw: Version: 0.3-a-135-gb77e89d
     0 | D:1      | 0 ||| qw: Game counter: 969
     0 | D:1      | 0 ||| qw: Melee chars always use a shield: true
     0 | D:1      | 0 ||| qw: God list: Okawaru
     0 | D:1      | 0 ||| qw: Allow faded altars: false
     0 | D:1      | 0 ||| qw: Do Orc after clearing Dungeon:15 true
     0 | D:1      | 0 ||| qw: Do second Lair branch before Depths: true
     0 | D:1      | 0 ||| qw: Lair rune preference: random
     0 | D:1      | 0 ||| qw: Goals: Normal
     0 | D:1      | 0 ||| PLANNING D:1-11
     1 | D:1      | Found a runed translucent door.
   143 | D:1      | Reached XP level 2. HP: 23/23 MP: 0/0
   387 | D:1      | Found a faded altar of an unknown god.
   523 | D:1      | Reached XP level 3. HP: 28/28 MP: 0/0
   523 | D:1      | Learned a level 1 spell: Magic Dart
   963 | D:1      | 963 ||| UPGRADING to +0 helmet.
   968 | D:1      | 968 ||| READING 3 scrolls labelled IDANIMEES.
   968 | D:1      | 968 ||| IDENTIFYING silvery potion
   969 | D:1      | 969 ||| READING 2 scrolls of identify.
   969 | D:1      | 969 ||| IDENTIFYING 2 lumpy clear potions
   970 | D:1      | 970 ||| DRINKING 2 potions of mutation.
   970 | D:1      | Gained mutation: You have a beak for a mouth. [potion of
                  | mutation]
   971 | D:1      | 971 ||| DROPPING +0 helmet.
   972 | D:1      | 972 ||| DRINKING potion of mutation.
   972 | D:1      | Lost mutation: You have a beak for a mouth. [potion of
                  | mutation]
   972 | D:1      | Gained mutation: You have a somewhat thin skeletal
                  | structure. (Dex +2, Stealth+) [potion of mutation]
   973 | D:1      | 973 ||| READING scroll of identify.
   973 | D:1      | 973 ||| IDENTIFYING 2 fizzy coppery potions
   974 | D:1      | 974 ||| READING 2 scrolls labelled XODEUV YDYWN.
  1075 | D:1      | 1075 ||| READING scroll labelled ROJEKAO WOTI.
  1079 | D:1      | 1079 ||| READING scroll labelled HUGAGY CUCYS.
  1080 | D:1      | 1080 ||| DROPPING scroll of butterflies.
  1081 | D:1      | 1081 ||| DROPPING scroll of vulnerability.
  1770 | D:2      | Reached XP level 4. HP: 34/34 MP: 0/0
  1937 | D:2      | 1937 ||| UPGRADING to +6 ring of strength.
  1938 | D:2      | 1938 ||| READING scroll of identify.
  1938 | D:2      | 1938 ||| IDENTIFYING dark potion
  1939 | D:2      | 1939 ||| READING scroll labelled GENEKE COBIKUI.
  1940 | D:2      | 1940 ||| DRINKING 2 murky ruby potions.
  1941 | D:2      | 1941 ||| DROPPING potion of brilliance.
  1942 | D:2      | 1942 ||| DROPPING potion of degeneration.
  2175 | D:3      | Noticed Grinder
  2176 | D:3      | 2176 ||| ZAPPING wand of flame (17) at -6,-1 (Grinder;
                  | floor).
  2176 | D:3      | Paralysed by Grinder for 4 turns
  2180 | D:3      | 2180 ||| ZAPPING wand of flame (16) at -3,0 (Grinder;
                  | floor).
  2181 | D:3      | 2181 ||| ZAPPING wand of flame (15) at -2,0 (Grinder;
                  | floor).
  2182 | D:3      | 2182 ||| ZAPPING wand of flame (14) at -1,0 (Grinder;
                  | floor).
  2183 | D:3      | 2183 ||| ZAPPING wand of flame (13) at -1,0 (Grinder;
                  | floor).
  2184 | D:3      | 2184 ||| ZAPPING wand of flame (12) at -1,0 (Grinder;
                  | floor).
  2185 | D:3      | 2185 ||| ZAPPING wand of flame (11) at -1,0 (Grinder;
                  | floor).
  2186 | D:3      | 2186 ||| ZAPPING wand of flame (10) at -1,0 (Grinder;
                  | floor).
  2187 | D:3      | 2187 ||| ZAPPING wand of flame (9) at -1,0 (Grinder;
                  | floor).
  2188 | D:3      | 2188 ||| ZAPPING wand of flame (8) at -1,0 (Grinder;
                  | floor).
  2189 | D:3      | 2189 ||| ZAPPING wand of flame (7) at -1,0 (Grinder;
                  | floor).
  2189 | D:3      | Killed Grinder
  2190 | D:3      | Reached skill level 5 in Fighting
  2190 | D:3      | Reached XP level 5. HP: 39/43 MP: 0/0
  2190 | D:3      | Learned a level 2 spell: Lesser Beckoning
  2190 | D:3      | Reached XP level 6. HP: 44/49 MP: 0/0
  2478 | D:3      | Found a runed translucent door.
  2479 | D:3      | Noticed Crazy Yiuf
  2583 | D:3      | Reached skill level 3 in Dodging
  2784 | D:3      | 2784 ||| UPGRADING to +1 cloak.
  2789 | D:3      | 2789 ||| UPGRADING to +0 ring mail.
  2799 | D:3      | 2799 ||| DROPPING +0 leather armour.
  2800 | D:3      | 2800 ||| UPGRADING to +0 pair of gloves.
  2805 | D:3      | 2805 ||| READING scroll labelled JIKHLI EROT.
  2806 | D:3      | 2806 ||| READING scroll labelled QOASTYNGURR.
  2907 | D:3      | 2907 ||| DRINKING 2 metallic white potions.
  2908 | D:3      | 2908 ||| DROPPING potion of attraction.
  2999 | D:4      | HP: 1/49 [iguana (12)]
  3000 | D:4      | 3000 ||| READING 2 scrolls of teleportation.
  3000 | D:4      | Mangled by an iguana

Levels and vault maps discovered:
D:1:      dpeg_arrival_caged_fury, layout_loops_corners,
          hellmonk_ecumenical_altar_zigzags, minmay_octomino_e4
D:2:      layout_basic
D:3:      layout_loops_cross, mainiacjoe_overflow_chevrons,
          uniq_crazy_yiuf_cottage, uniq_grinder
D:4:      layout_basic, mainiacjoe_overflow_small_starburst,
          serial_bayou_lagoon_b

Skill      XL: |  1  2  3  4  5  6 |
---------------+-------------------+-----
Ranged Weapons | 4 |  4.0
Fighting       | 5 |  5.3
Dodging        | 3 |  3.1
Stealth        | |  0.7

Action                     |  1- 3 |  4- 6 || total
---------------------------+-------+-------++-------
   Fire: Shortbow          |   136 |    67 ||   203
  Evoke: Wand              |       |    11 ||    11
    Use: Scroll            |     6 |     5 ||    11
         Potion            |     2 |     2 ||     4
 Armour: Leather armour    |    40 |    13 ||    53
         Ring mail         |       |    10 ||    10
  Dodge: Dodged            |    55 |    22 ||    77

Table legend:
 A = Non-vault XP
 B = Vault XP
 C = Vault XP percentage of total XP
 D = Non-vault monster count
 E = Vault monster count
 F = Vault count percentage of total count
                 A         B        C        D         E       F
            +---------+---------+-------+---------+---------+-------
      Total |     114 |     274 |  70.6 |      56 |       3 |   5.1
            +---------+---------+-------+---------+---------+-------
        D:1 |      47 |       2 |   4.1 |      28 |       2 |   6.7
        D:2 |      21 |       0 |   0.0 |      11 |       0 |   0.0
        D:3 |      46 |     272 |  85.5 |      17 |       1 |   5.6
            +---------+---------+-------+---------+---------+-------
